 Dungeon Crawl Stone Soup version 0.20.1-1-g8b1a95d (webtiles) character file.

6645 KoningWillie the Cleaver (level 10, -8/94 HPs)
             Began as a Minotaur Gladiator on Sept 12, 2017.
             Mangled by a two-headed ogre
             ... wielding a +0 giant club
              (17 damage)
             ... on level 8 of the Dungeon.
             The game lasted 00:23:57 (11668 turns).

KoningWillie the Cleaver (Minotaur Gladiator)      Turns: 11668, Time: 00:23:57

Health: -8/94      AC: 17    Str: 23    XL:     10   Next: 72%
Magic:  9/9        EV:  9    Int:  5    God:
Gold:   431        SH:  0    Dex: 11    Spells: 9/9 levels left

rFire    . . .     SeeInvis .   a - +1 war axe
rCold    . . .     Gourm    .   (no shield)
rNeg     . . .     Faith    .   v - +0 plate armour (curse)
rPois    .         Spirit   .   c - +0 hat
rElec    .         Reflect  .   (no cloak)
rCorr    .         Harm     .   i - +0 pair of gloves
MR       .....                  r - +0 pair of boots
Stlth    ..........             (no amulet)
Regen    0.3/turn               m - ring of stealth
MPRegen  0.2/turn               (no ring)

@: no status effects
A: retaliatory headbutt, horns 2
a: no special abilities


You were on level 8 of the Dungeon.
You were not hungry.

You visited 2 branches of the dungeon, and saw 10 of its levels.

You collected 476 gold pieces.
You spent 45 gold pieces at shops.

Inventory:

Hand Weapons
 a - a +1 war axe (weapon)
 j - a +4 flail of protection
Missiles
 d - 3 throwing nets (quivered)
Armour
 c - a +0 hat (worn)
 i - a +0 pair of gloves (worn)
 r - a +0 pair of boots (worn)
 v - a cursed +0 plate armour (worn)
Jewellery
 m - a ring of stealth (left hand)
 p - a cursed +2 ring of slaying {unknown}
 w - an uncursed ring of protection from magic {unknown}
 C - a cursed -2 ring of intelligence {unknown}
 D - an uncursed ring of protection from cold {unknown}
Wands
 n - a wand of acid (5/15)
 E - a wand of iceblast (7/15)
Scrolls
 h - 2 scrolls of remove curse {unknown}
 l - 3 scrolls of magic mapping
 o - 2 scrolls of blinking {unknown}
 q - 3 scrolls of enchant armour {unknown}
 s - 2 scrolls of amnesia
 u - a scroll of enchant weapon
 x - 2 scrolls of vulnerability {unknown}
 A - a scroll of identify
 B - 2 scrolls of recharging {unknown}
Potions
 b - a potion of might
 e - a potion of degeneration {unknown}
 g - 4 potions of magic
 t - a potion of cancellation {unknown}
 z - 3 potions of flight {unknown}
Books
 f - a book of Maledictions

   Spells                             Type                      Level
   a - Corona                         Hexes                        1
   b - Ensorcelled Hibernation        Hexes/Ice                    2
   c - Confuse                        Hexes                        3
   d - Tukima's Dance                 Hexes                        3
   e - Dazzling Spray                 Conjuration/Hexes            3
 y - a book of Power

   Spells                             Type                      Level
   a - Iskenderun's Battlesphere      Conjuration/Charms           5
   b - Venom Bolt                     Conjuration/Poison           5
   c - Bolt of Magma                  Conjuration/Fire/Earth       5
   d - Iron Shot                      Conjuration/Earth            6
   e - Orb of Destruction             Conjuration                  7
   f - Spellforged Servitor           Conjuration/Summoning        7
Comestibles
 k - 11 royal jellies


   Skills:
 + Level 10.3 Fighting
 + Level 13.2 Axes
 + Level 2.1 Throwing
 + Level 10.3 Armour
 + Level 5.3 Dodging
 + Level 4.6 Stealth


You had 9 spell levels left.
You didn't know any spells.

Dungeon Overview and Level Annotations

Branches:
Dungeon (9/15)             Temple (0/1) D:6            Lair (1/6) D:9
    Orc: D:9-12

Altars:
Cheibriados
Elyvilon
Fedhas
Gozag
Hepliaklqana
Makhleb
Nemelex Xobeh
Qazlal
Ru
Uskayaw
Xom
Zin

Shops:
D:4 *   D:7 (

Annotations:
D:5 Thjof's ghost, novice TeAE
D:6 Dowan; Duvessa
D:7 2 transporters
D:8 Maurice


Innate Abilities, Weirdness & Mutations

You reflexively headbutt those who attack you in melee.
You have a pair of horns on your head.


Message History

The two-headed ogre hits you with a giant club!!
The two-headed ogre hits you with a giant spiked club!
* * * LOW HITPOINT WARNING * * *
There is an open door here.
Maurice gestures wildly while chanting.
Maurice blinks!
Your transformation has ended.
Your +1 war axe unmelds from your body.
Your +0 hat unmelds from your body.
Your +0 pair of gloves unmelds from your body.
Your +0 pair of boots unmelds from your body.
Your cursed +0 plate armour unmelds from your body.
Your ring of stealth unmelds from your body.
There is an open door here.
There is an open door here.
You slice the two-headed ogre!! You headbutt the two-headed ogre.
The two-headed ogre is severely wounded.
The two-headed ogre hits you with a giant club!
* * * LOW HITPOINT WARNING * * *
The two-headed ogre hits you with a giant spiked club!
You die...

.#######.#....# #.# #.##.
.........###### #.# #.###
########.# #.# #.... ..# ##'##
#.## ##### ..# ##...## #..# # ..##
##.....## ###.# # ...##
##.......## ##.#.# ####
....####.........####....#####...
....ยง..'.@.....O@'...............
....####.........####.....####.##
.....####.......## ##....# #.##
......# ##.....## ##...# #...
.....## ##...## ###.# #.## ....##
##'## #.# #.## ...## #.# #.# #...
#.## #.# #.# #### #># ##.## #.#


You could see Maurice and a two-headed ogre.

Vanquished Creatures
  Pikel (D:5)
  A spiny frog (Lair:1)
  A komodo dragon (Lair:1)
  A queen bee (Lair:1)
  Grum (D:8)
  Edmund (D:5)
  A water moccasin (Lair:1)
  A porcupine (Lair:1)
  2 ice beasts
  6 orc warriors
  2 slaves (D:5)
  A phantom (D:7)
  3 centaurs (D:8)
  3 ogres
  4 wolves (D:8)
  A crocodile (Lair:1)
  6 big kobolds
  4 bullfrogs
  A scorpion (D:6)
  24 killer bees (Lair:1)
  3 crimson imps
  A bullfrog zombie (D:9)
  3 hounds
  A bullfrog skeleton (D:6)
  5 jellies
  An orc priest (D:7)
  An iguana (D:7)
  10 orc wizards
  8 worker ants
  A hound skeleton (D:4)
  A howler monkey zombie (D:8)
  A worker ant zombie (D:5)
  10 adders
  A shadow imp (D:7)
  5 oozes
  2 adder skeletons
  4 worms
  3 dart slugs
  5 leopard geckos
  19 orcs
  6 bats
  7 giant cockroaches
  5 goblins
  8 hobgoblins
  9 jackals
  A quokka (D:9)
  3 ball pythons
  4 frilled lizards
  16 kobolds
  2 quokka skeletons (D:5)
  5 rats
  2 plants (Lair:1)
218 creatures vanquished.

Vanquished Creatures (others)
  10 fungi
  2 plants (Lair:1)
  7 toadstools (D:5)
19 creatures vanquished.

Grand Total: 237 creatures vanquished

Notes
Turn   | Place    | Note
-------+----------+-------------------------------------------
     0 | D:1      | KoningWillie the Minotaur Gladiator began the quest for the Orb.
     0 | D:1      | Reached XP level 1. HP: 18/18 MP: 0/0
    87 | D:1      | Reached skill level 4 in Axes
   109 | D:1      | Reached XP level 2. HP: 25/25 MP: 1/1
   737 | D:1      | Reached XP level 3. HP: 19/30 MP: 2/2
  1312 | D:2      | Found a hide-covered altar of Uskayaw.
  1366 | D:2      | Found a sparkling altar of Nemelex Xobeh.
  1895 | D:2      | Reached skill level 1 in Armour
  1930 | D:2      | Found a faded altar of an unknown god.
  1936 | D:2      | Reached XP level 4. HP: 37/37 MP: 3/3
  2585 | D:3      | Reached skill level 5 in Axes
  2919 | D:4      | Reached skill level 1 in Stealth
  2919 | D:4      | Reached XP level 5. HP: 42/42 MP: 4/4
  3008 | D:4      | Found Qaac's General Store.
  3011 | D:4      | Bought a +0 pair of boots for 45 gold pieces
  3268 | D:4      | Reached skill level 6 in Axes
  3424 | D:4      | Found a burning altar of Makhleb.
  3425 | D:4      | Found a shimmering altar of Xom.
  3455 | D:4      | Reached XP level 6. HP: 33/50 MP: 5/5
  3822 | D:4      | Reached skill level 10 in Axes
  3822 | D:4      | Reached XP level 7. HP: 69/69 MP: 6/6
  3903 | D:5      | Entered Level 5 of the Dungeon
  4212 | D:5      | Noticed Edmund
  4219 | D:5      | Killed Edmund
  4554 | D:5      | Found a white marble altar of Elyvilon.
  4573 | D:5      | Reached XP level 8. HP: 75/75 MP: 7/7
  4597 | D:5      | Noticed Pikel
  4611 | D:5      | Killed Pikel
  4611 | D:5      | Reached skill level 11 in Axes
  5464 | D:5      | Noticed a slime creature
  5467 | D:5      | Noticed a slime creature
  5473 | D:5      | Noticed a slime creature
  5557 | D:5      | Noticed Thjof's ghost (novice TeAE)
  5720 | D:6      | Found Tuadgh's Assorted Antiques.
  5729 | D:6      | Reached XP level 9. HP: 83/83 MP: 8/8
  5857 | D:6      | Found a blossoming altar of Fedhas.
  5890 | D:6      | Found a staircase to the Ecumenical Temple.
  6033 | D:6      | Found a snail-covered altar of Cheibriados.
  6102 | D:6      | Noticed Dowan
  6103 | D:6      | Noticed Duvessa
  6206 | D:7      | Found a transporter.
  6227 | D:7      | Found a transporter.
  6610 | D:7      | Found an opulent altar of Gozag.
  6708 | D:7      | Reached skill level 12 in Axes
  6784 | D:7      | Found a white marble altar of Elyvilon.
  6784 | D:7      | Found a hazy altar of Hepliaklqana.
  6784 | D:7      | Found a stormy altar of Qazlal.
  6789 | D:7      | Found a glowing silver altar of Zin.
  7117 | D:7      | Found Gyudey's Antique Weapon Boutique.
  7874 | D:8      | Reached skill level 5 in Dodging
  8257 | D:8      | Noticed a two-headed ogre
  8275 | D:8      | Noticed Maurice
  8314 | D:9      | Noticed a two-headed ogre
  8357 | D:9      | Found a sacrificial altar of Ru.
  8408 | D:9      | Found a staircase to the Lair.
  8756 | Lair:1   | Entered Level 1 of the Lair of Beasts
  8792 | Lair:1   | Reached XP level 10. HP: 70/93 MP: 9/9
  9034 | Lair:1   | Noticed a spiny frog
  9047 | Lair:1   | Killed a spiny frog
  9129 | Lair:1   | Noticed a spiny frog
  9545 | Lair:1   | Reached skill level 10 in Fighting
  9850 | Lair:1   | Reached skill level 10 in Armour
 10625 | Lair:1   | Reached skill level 13 in Axes
 10814 | Lair:1   | Noticed an elephant
 10815 | Lair:1   | Noticed an elephant
 10818 | Lair:1   | Noticed an elephant
 10959 | D:8      | Noticed Grum
 10975 | D:8      | Killed Grum
 11668 | D:8      | Mangled by a two-headed ogre

Skill      XL: |  1  2  3  4  5  6  7  8  9 10 |
---------------+-------------------------------+-----
Axes           | 4 5 6 10 11 12 13 | 13.2
Dodging        | 4 5 |  5.3
Armour         | 1 2 8 9 10 | 10.3
Stealth        | 1 4 |  4.6
Fighting       | 8 9 10 | 10.3
Throwing       | |  2.1

Action                   |  1- 3 |  4- 6 |  7- 9 | 10-12 || total
-------------------------+-------+-------+-------+-------++-------
Melee: War axe           |    62 |    75 |   279 |   157 ||   573
       Headbutt          |    10 |    11 |    66 |    30 ||   117
       Unarmed           |       |       |       |    20 ||    20
  Use: Scroll            |     4 |     6 |     3 |     2 ||    15
       Potion            |       |     4 |     1 |     3 ||     8
 Stab: Distracted        |     1 |       |     1 |       ||     2
       Sleeping          |       |       |     3 |       ||     3
       Paralysed         |       |       |     1 |       ||     1
  Eat: Bread ration      |     1 |       |     2 |       ||     3
       Chunk             |       |     3 |     2 |       ||     5
       Royal jelly       |       |     1 |     2 |     4 ||     7
       Meat ration       |       |       |       |     1 ||     1
Armor: Ring mail         |    29 |    25 |    17 |       ||    71
       Scale mail        |       |       |    72 |       ||    72
       Plate armour      |       |       |    28 |   127 ||   155
Dodge: Dodged            |    46 |    41 |   156 |   112 ||   355
